 Dungeon Crawl Stone Soup version 0.30-a0-140-gd1020e658a (webtiles) character file.

Game seed: 4498360493473288868

1408 Bnni the Slasher (level 8, -13/63 HPs)
             Began as a Demonspawn Brigand on Sept 24, 2022.
             Was an Initiate of Dithmenos.
             Mangled by a two-headed ogre
             ... wielding a +0 giant club
              (29 damage)
             ... on level 5 of the Dungeon.
             The game lasted 00:12:59 (5159 turns).

Bnni the Slasher (Demonspawn Brigand)               Turns: 5159, Time: 00:13:01

Health: -13/63     AC:  5    Str: 11    XL:     8   Next: 42%
Magic:  8/8        EV: 15    Int: 13    God:    Dithmenos [......]
Gold:   357        SH:  0    Dex: 17    Spells: 5/7 levels left

rFire   . . .      SeeInvis .    a - +2 dagger
rCold   . . .      Faith    .    (no shield)
rNeg    . . .      Spirit   .    v - +0 leather armour
rPois   +          Reflect  .    (no helmet)
rElec   .          Harm     .    c - +0 cloak
rCorr   .          Rampage  .    (no gloves)
Will    .....                    t - +0 pair of boots
Stlth   +++.......               (no amulet)
HPRegen 0.20/turn                r - ring of poison resistance
MPRegen 0.11/turn                x - +4 ring of evasion

@: no status effects
A: demonic guardian 1, powered by pain 1, demonic touch 1
a: Renounce Religion


You were on level 5 of the Dungeon.
You worshipped Dithmenos.
Dithmenos was noncommittal.
You visited 2 branches of the dungeon, and saw 6 of its levels.

You collected 357 gold pieces.

Inventory:

Hand Weapons
 a - a +2 dagger (weapon)
 o - a +1 sling of freezing
 y - a +2 vampiric whip
Missiles
 d - 12 poisoned darts (quivered)
Armour
 c - a +0 cloak (worn)
 t - a +0 pair of boots (worn)
 v - a +0 leather armour (worn)
Jewellery
 n - a ring of fire
 r - a ring of poison resistance (left hand)
 x - a +4 ring of evasion (right hand)
Wands
 q - a wand of roots (1)
 A - a wand of flame (1)
Scrolls
 b - a scroll of teleportation {unknown}
 g - 2 scrolls of butterflies {unknown}
 h - a scroll of amnesia {unknown}
 i - a scroll of fear {unknown}
 l - 3 scrolls of enchant weapon {unknown}
 u - 4 scrolls of magic mapping {unknown}
Potions
 f - 2 potions of heal wounds
 j - 2 potions of might
 k - a potion of brilliance {unknown}
 m - 4 potions of curing
 p - 3 potions of magic
 s - 2 potions of haste {unknown}
 w - a potion of flight {unknown}
 z - 3 potions of resistance {unknown}
 B - a potion of lignification {unknown}
 C - 2 potions of cancellation


   Skills:
 + Level 5.5 Fighting
 * Level 2.0(4.7) Short Blades
 * Level 6.7(6.9) Long Blades
 - Level 1.7 Throwing
 - Level 0.8 Dodging
 + Level 6.0 Stealth


You had 5 spell levels left.
You knew the following spells:

 Your Spells              Type           Power      Damage    Failure   Level
b - Blink                 Tloc           0%         N/A       52%         2

Your spell library contained the following spells:

 Spells                   Type           Power      Damage    Failure   Level
 Inner Flame              Hex/Fire       0%         N/A       77%         3
 Lesser Beckoning         Tloc           0%         N/A       77%         3
 Cause Fear               Hex            0%         N/A       99%         4
 Manifold Assault         Tloc           0%         N/A       99%         4
 Borgnjor's Revivificati  Necr           0%         N/A       100%        8
 Discord                  Hex            0%         N/A       100%        8
 Necromutation            Tmut/Necr      0%         N/A       100%        8
 Chain Lightning          Conj/Air       0%         N/A       100%        9
 Death's Door             Necr           0%         N/A       100%        9
 Fire Storm               Conj/Fire      0%         5d1       100%        9
 Shatter                  Erth           0%         3d5*      100%        9


Dungeon Overview and Level Annotations

Branches:
Dungeon (5/15)             Temple (1/1) D:4

Altars:
Ashenzari
Cheibriados
Dithmenos
Fedhas
Gozag
Hepliaklqana
Kikubaaqudgha
Nemelex Xobeh
Okawaru
Qazlal
Ru
Sif Muna
Trog
Uskayaw
Vehumet
Wu Jian

Shops:
D:4 :

Annotations:
D:5 fly's ghost, weakling DgDe


Innate Abilities, Weirdness & Mutations

A weak demonic guardian rushes to your aid.
You sometimes gain a little power by taking damage.
Your touch may inflict minor irresistible damage on your foes.


Message History

Aim: a two-headed ogre, wielding two +0 giant clubs (lightly wounded, 76% to hit)
You throw a curare-tipped dart.
The curare-tipped dart hits the two-headed ogre.
The two-headed ogre is poisoned.
The two-headed ogre convulses.
The two-headed ogre seems to slow down.
The two-headed ogre is moderately wounded.
You hit the two-headed ogre.
You touch the two-headed ogre!
The two-headed ogre is heavily wounded.
The two-headed ogre closely misses you.
The two-headed ogre hits you with a +0 giant club!
You hit the two-headed ogre.
You touch the two-headed ogre!
The two-headed ogre is severely wounded.
Throw: 15 darts (poison)
Press: ? - help, Shift-Dir - straight line, f/p - two-headed ogre
Aim: a two-headed ogre, wielding two +0 giant clubs (severely wounded, very poisoned, slow, 76% to hit)
You throw a poisoned dart.
The poisoned dart hits the two-headed ogre.
The two-headed ogre looks even sicker.
The two-headed ogre is severely wounded.
Throw: 14 darts (poison)
Press: ? - help, Shift-Dir - straight line, f/p - two-headed ogre
Aim: a two-headed ogre, wielding two +0 giant clubs (severely wounded, very poisoned, slow, 76% to hit)
You throw a poisoned dart.
The poisoned dart hits the two-headed ogre.
The two-headed ogre is severely wounded.
The two-headed ogre is no longer moving slowly.
Throw: 13 darts (poison)
Press: ? - help, Shift-Dir - straight line, f/p - two-headed ogre
Aim: a two-headed ogre, wielding two +0 giant clubs (severely wounded, very poisoned, 76% to hit)
You throw a poisoned dart.
The poisoned dart hits the two-headed ogre.
The two-headed ogre looks even sicker.
The two-headed ogre is severely wounded.
You hit the two-headed ogre.
You touch the two-headed ogre!
Your punch misses the two-headed ogre.
The two-headed ogre is almost dead.
The two-headed ogre hits you with a +0 giant club!
* * * LOW HITPOINT WARNING * * *
The two-headed ogre hits you with a +0 giant club!!
You die...

#....##.# #.# #...#...
#.#####.# #.# #[..'...
#.# ##.###.# ##..'...
#.# ##...##^# #..'...
#.###.###.#.# #..#...
#.##.## ##..# ##..#w..
#....# #..###...####
#..#.## ##(W(W(.......
#..##@###.####.#....).
#..###OS.## #....###.
#..# ##### ###### #.
#..########### ######.
#............###......
##.#########.##.......
#.# #........##### #.#
#.##.##.##### #.#
#...........##


You could see a two-headed ogre (very poisoned) and an adder.

Vanquished Creatures
  Pikel (D:5)
  Grinder (D:4)
  Prince Ribbit (D:5)
  A phantom (D:4)
  Blork the orc (D:5)
  A scorpion (D:4)
  A gnoll bouda (D:5)
  A hound (D:5)
  A jelly (D:4)
  Terence (D:2)
  An iguana (D:5)
  An orc wizard (D:4)
  8 gnolls (D:5)
  3 adders
  5 dart slugs
  An orc (D:4)
  8 ball pythons
  6 bats
  3 endoplasms
  6 giant cockroaches
  6 goblins
  2 hobgoblins
  5 kobolds
  4 quokkas
  4 frilled lizards
  8 rats
81 creatures vanquished.

Vanquished Creatures (collateral kills)
  An adder (D:3)
  A worm (D:2)
  An orc (D:4)
3 creatures vanquished.

Vanquished Creatures (others)
  12 plants (D:2)
12 creatures vanquished.

Grand Total: 96 creatures vanquished

Notes
Turn   | Place    | Note
-------+----------+-------------------------------------------
     0 | D:1      | Bnni the Demonspawn Brigand began the quest for the Orb.
     0 | D:1      | Reached XP level 1. HP: 16/16 MP: 1/1
   227 | D:1      | Reached skill level 1 in Long Blades
   338 | D:1      | Gained mutation: A weak demonic guardian rushes to your
                  | aid. [demonic ancestry]
   338 | D:1      | Reached XP level 2. HP: 21/22 MP: 2/2
   746 | D:2      | Noticed Terence
   752 | D:2      | Killed Terence
   753 | D:2      | Reached XP level 3. HP: 11/28 MP: 3/3
  1767 | D:2      | Found a faded altar of an unknown god.
  1778 | D:2      | Gained mutation: You sometimes gain a little power by
                  | taking damage. [demonic ancestry]
  1778 | D:2      | Reached XP level 4. HP: 34/34 MP: 4/4
  2342 | D:3      | Found a snail-covered altar of Cheibriados.
  2343 | D:3      | Found a sparkling altar of Nemelex Xobeh.
  2349 | D:3      | Found a shimmering blue altar of Sif Muna.
  2479 | D:3      | Found a sacrificial altar of Ru.
  2654 | D:3      | Found a bloodstained altar of Trog.
  2949 | D:4      | Noticed a scorpion
  2954 | D:4      | Killed a scorpion
  2955 | D:4      | Gained mutation: Your touch may inflict minor irresistible
                  | damage on your foes. [demonic ancestry]
  2955 | D:4      | Reached XP level 5. HP: 41/41 MP: 5/5
  3084 | D:4      | Noticed Grinder
  3085 | D:4      | Paralysed by Grinder for 3 turns
  3094 | D:4      | HP: 2/41 [Grinder (5)]
  3097 | D:4      | Killed Grinder
  3098 | D:4      | Reached XP level 6. HP: 28/48 MP: 6/6
  3098 | D:4      | Found Fani Zin's Book Shoppe.
  3226 | D:4      | Learned a level 2 spell: Blink
  3527 | D:4      | Found a staircase to the Ecumenical Temple.
  3536 | Temple   | Entered the Ecumenical Temple
  3577 | Temple   | Became a worshipper of Dithmenos the Shadowed
  3833 | D:5      | Entered Level 5 of the Dungeon
  3837 | D:5      | Noticed a two-headed ogre
  3914 | D:5      | Found a runed translucent gate.
  3916 | D:5      | Found a runed translucent gate.
  3917 | D:5      | Found a runed translucent gate.
  3929 | D:5      | Noticed fly's ghost (weakling DgDe)
  3955 | D:5      | Noticed Pikel
  3975 | D:5      | Killed Pikel
  3976 | D:5      | Reached skill level 5 in Fighting
  3976 | D:5      | Reached skill level 5 in Long Blades
  3976 | D:5      | Reached skill level 5 in Stealth
  3976 | D:5      | Reached XP level 7. HP: 35/56 MP: 7/7
  4258 | D:5      | Reached XP level 8. HP: 35/62 MP: 8/8
  4579 | D:5      | Noticed Prince Ribbit
  4586 | D:5      | Noticed Blork the orc
  4589 | D:5      | Killed Prince Ribbit
  4598 | D:5      | Killed Blork the orc
  5159 | D:5      | Mangled by a two-headed ogre

Illustrated notes

Levels and vault maps discovered:
D:1:      lightli_molten_gateway, layout_loops_ring, minmay_tetromino_o4
D:2:      layout_loops_ring, serial_forest, infiniplex_forest_clump_long,
          infiniplex_forest_side_room, infiniplex_forest_straight_5,
          infiniplex_forest_clump_double, infiniplex_forest_3_way,
          hellmonk_ecumenical_altar_crossroads, uniq_terence
D:3:      layout_rooms, nicolae_ru_sacrificial_ziggurat, bloody_trog,
          nicolae_sif_muna_condensation,
          chequers_temple_overflow_statue_of_worship
D:4:      layout_cave_pools, lemuel_temple_firewalk_b, serial_shops,
          shop_fountains, uniq_grinder
D:5:      layout_loops_ring, gammafunk_ghost_split, uniq_prince_ribbit1,
          uniq_blork_the_orc, uniq_pikel
Temple:   nicolae_temple_ecumenical_triangle

Skill      XL: |  1  2  3  4  5  6  7  8 |
---------------+-------------------------+-----
Long Blades    | 1 2 3 4 5 6 |  6.7
Fighting       | 3 5 |  5.5
Stealth        | 4 5 6 |  6.0
Short Blades   | 2 |  2.0
Throwing       | |  1.7
Dodging        | |  0.8

Action                   |  1- 3 |  4- 6 |  7- 9 || total
-------------------------+-------+-------+-------++-------
Melee: Dagger            |   115 |    48 |    55 ||   218
       Punch             |     1 |       |     1 ||     2
       Whip              |       |    53 |    26 ||    79
       Touch             |       |    16 |    14 ||    30
Throw: Dart              |     1 |     3 |    11 ||    15
       Throwing net      |       |       |     1 ||     1
Evoke: Wand              |       |     1 |     2 ||     3
  Use: Scroll            |       |     5 |     1 ||     6
       Potion            |       |     2 |       ||     2
 Stab: Sleeping          |     5 |     5 |     2 ||    12
       Distracted        |       |     1 |       ||     1
       Held in net/web   |       |       |     1 ||     1
Armor: Robe              |    28 |     3 |       ||    31
       Leather armour    |       |    22 |    12 ||    34
Dodge: Dodged            |    57 |    49 |    33 ||   139

Table legend: (Time is in decaauts)
 A = Elapsed time spent in this place.
 B = Non-inter-level travel time spent in this place.
 C = Inter-level travel time spent in this place.
 D = Time resting spent in this place.
 E = Time spent auto-exploring this place.
 F = Levels seen in this place.
 G = Mean time per level.
                   A        B        C        D        E       F      G
               +--------+--------+--------+--------+--------+-----+--------+
         Total |   5131 |   5027 |    104 |    487 |   3710 |   6 |  855.2 |
       Dungeon |   5084 |   4984 |    100 |    487 |   3693 |   5 | 1016.8 |
        Temple |     46 |     42 |      4 |      0 |     17 |   1 |   46.0 |
               +--------+--------+--------+--------+--------+-----+--------+

Top non-repeatable levels by time:
     D:2: 1553 daAuts
     D:5: 1314 daAuts
     D:4: 841 daAuts
     D:1: 742 daAuts
     D:3: 633 daAuts
  Temple: 46 daAuts
